Map: [ESL] Goldenaura

Players

ShoWTimE

  • Race: Protoss Protoss
  • Spawn Location: 12:00

Reynor - Winner!

  • Race: Zerg Zerg
  • Spawn Location: 5:00

Event: ESL SC2 Masters 2023 Winter (Regional)

VOD

Have the link to the VOD?

Description

Time

  • Played on: Nov. 17, 2023, 12:35 p.m.
  • Length: 21:32

All games in this series

Show
View Real Time Build Order
Export as new Build Order

ShoWTimE Protoss 

Build Orders: 1 Gate Expand, Oracle Opening 

Get SALT Encoding   

  12  0:00  Probe  
  13  0:12  Probe  
  14  0:17  Pylon  
  14  0:24  Probe (Chrono Boost)  
  15  0:36  Probe (Chrono Boost)  
  15  0:38  Gateway  
  16  0:45  Probe (Chrono Boost)  
  16  0:46  Assimilator  
  17  0:51  Probe  
  18  1:03  Probe  
  19  1:15  Probe  
  20  1:24  Nexus  
  20  1:34  Cybernetics Core  
  20  1:37  Probe  
  21  1:44  Assimilator  
  21  1:49  Probe  
  21  1:53  Pylon  
  22  2:01  Probe (Chrono Boost)  
  23  2:11  Adept  
  23  2:13  Probe (Chrono Boost)  
  26  2:16  Stargate  
  26  2:21  Probe (Chrono Boost)  
  27  2:24  Warp Gate  
  27  2:28  Probe (Chrono Boost)  
  28  2:36  Probe (Chrono Boost)  
  29  2:40  Probe (Chrono Boost)  
  29  2:41  Stalker  
  32  2:45  Probe (Chrono Boost)  
  32  2:47  Probe (Chrono Boost)  
  32  2:50  Probe (Chrono Boost)  
  34  2:54  Probe  
  36  2:59  Oracle (Chrono Boost)  
  36  3:02  Probe  
  40  3:06  Probe  
  40  3:10  Pylon  
  41  3:14  Probe, Adept  
  41  3:18  Probe  
  45  3:24  Gateway  
  45  3:27  Probe  
  46  3:30  Oracle (Chrono Boost), Probe  
  50  3:39  Probe  
  51  3:43  Probe  
  51  3:45  Pylon  
  52  3:53  Nexus  
  52  3:55  Probe  
  53  3:56  Probe  
  53  4:00  Assimilator  
  53  4:02  Assimilator  
  54  4:04  Oracle (Chrono Boost)  
  54  4:08  Probe  
  59  4:10  Probe  
  59  4:17  Pylon  
  59  4:20  Forge  
  59  4:21  Probe  
  59  4:22  Probe  
  61  4:26  Twilight Council  
  61  4:33  Probe  
  61  4:35  Probe  
  61  4:37  Gateway  
  63  4:40  Gateway  
  63  4:44  Adept  
  63  4:45  Probe  
  66  4:49  Probe  
  67  4:56  Gateway  
  67  4:57  Probe  
  67  4:59  Blink (Chrono Boost)  
  68  5:00  Stalker  
  68  5:04  Probe  
  68  5:05  Probe  
  72  5:09  Probe  
  72  5:13  Protoss Ground Weapons Level 1 (Chrono Boost)  
  73  5:16  Probe  
  73  5:17  Probe  
  75  5:21  Probe  
  75  5:25  Pylon  
  76  5:28  Probe  
  76  5:29  Probe  
  76  5:30  Stalker  
  76  5:33  Probe  
  81  5:36  Assimilator  
  81  5:38  Assimilator  
  81  5:40  Probe  
  81  5:41  Probe  
  83  5:45  Probe  
  84  5:50  Gateway  
  84  5:53  Gateway, Probe x2  
  84  5:55  Pylon  
  86  5:57  Probe  
  87  6:05  Probe x2  
  87  6:08  Stalker x4  
  87  6:09  Probe  
  89  6:12  Stalker  
  89  6:14  Pylon  
  89  6:17  Templar Archives, Probe x2  
  93  6:22  Probe  
  93  6:24  Pylon  
  94  6:29  Probe x2  
  94  6:31  Pylon  
  96  6:34  Nexus, Probe  
  96  6:37  Pylon  
  96  6:39  Psionic Storm  
  97  6:44  Photon Cannon, Probe x2  
  97  6:45  Shield Battery  
  97  6:46  Probe  
  100  6:51  Robotics Facility  
  100  6:56  Probe x2  
  100  6:58  Stalker x2, Probe  
  107  7:02  Zealot x2  
  107  7:04  Protoss Ground Weapons Level 2 (Chrono Boost)  
  112  7:08  Probe x2  
  112  7:13  Charge  
  112  7:14  Assimilator  
  112  7:15  High Templar x2  
  117  7:17  Assimilator  
  117  7:18  High Templar  
  119  7:24  High Templar x2  
  119  7:29  Zealot  
  125  7:31  Probe  
  125  7:34  Photon Cannon x2  
  125  7:36  Photon Cannon  
  126  7:39  Shield Battery  
  126  7:40  Photon Cannon  
  126  7:41  Shield Battery  
  126  7:44  Gateway  
  126  7:45  Gateway  
  126  7:46  Probe  
  126  7:48  Probe  
  126  7:50  High Templar  
  130  7:57  Probe  
  128  7:58  Gateway  
  128  8:02  Observer (Chrono Boost)  
  128  8:05  Photon Cannon  
  129  8:06  Photon Cannon  
  129  8:07  High Templar x4  
  129  8:11  Archon x2  
  137  8:15  Photon Cannon  
  137  8:17  Photon Cannon  
  137  8:18  Immortal (Chrono Boost)  
  137  8:19  Photon Cannon  
  137  8:20  Shield Battery  
  137  8:22  Pylon  
  137  8:23  Pylon  
  137  8:26  Pylon  
  141  8:32  High Templar x2  
  145  8:37  Photon Cannon  
  145  8:38  Archon  
  145  8:40  Photon Cannon  
  145  8:43  Phoenix  
  145  8:48  High Templar x2, Zealot  
  149  8:49  Zealot x4  
  149  8:52  Archon  
  149  8:53  Warp Prism (Chrono Boost)  
  160  9:05  Robotics Facility  
  160  9:07  Pylon  
  160  9:21  Stalker  
  153  9:28  Probe x4  
  153  9:29  Stalker  
  143  9:31  Protoss Ground Weapons Level 3 (Chrono Boost)  
  143  9:34  Forge  
  143  9:35  High Templar x3  
  145  9:42  Zealot x5  
  145  9:43  Immortal (Chrono Boost)  
  155  9:50  Nexus  
  157  9:56  Zealot x2  
  160  10:02  Immortal (Chrono Boost)  
  162  10:08  Photon Cannon  
  162  10:09  Photon Cannon  
  162  10:12  Immortal (Chrono Boost)  
  166  10:15  Stalker x3  
  172  10:28  Gateway x2, Pylon  
  162  10:29  Pylon  
  162  10:31  Protoss Ground Armor Level 1 (Chrono Boost)  
  162  10:32  Pylon  
  162  10:33  Pylon  
  162  10:34  Zealot x4  
  170  10:36  Nexus  
  170  10:37  Pylon  
  152  10:52  Pylon  
  152  10:53  High Templar x6  
  152  10:56  Immortal x2  
  172  10:57  Archon  
  172  10:58  Archon x2  
  172  11:13  High Templar x4  
  172  11:17  Photon Cannon  
  176  11:18  Photon Cannon  
  176  11:21  Photon Cannon  
  176  11:23  Photon Cannon  
  176  11:24  Archon x2  
  176  11:25  Zealot x6  
  180  11:31  Zealot x2  
  172  11:45  Protoss Shields Level 1 (Chrono Boost)  
  167  11:47  Zealot x9  
  167  11:50  Probe x3  
  188  12:03  Fleet Beacon  
  188  12:05  High Templar x3  
  192  12:14  Archon  
  192  12:17  Zealot x4  
  186  12:26  Probe  
  185  12:33  High Templar x5, Photon Cannon  
  185  12:34  Photon Cannon  
  185  12:37  Photon Cannon  
  195  12:39  Protoss Ground Armor Level 2 (Chrono Boost)  
  195  12:40  Assimilator, Archon x2  
  195  12:44  Assimilator  
  195  12:50  Photon Cannon  
  195  12:55  Photon Cannon  
  195  12:57  Stargate  
  195  13:00  Stargate  
  195  13:01  Zealot x3  
  197  13:25  Nexus, Pylon  
  197  13:26  Zealot  
  199  13:33  Protoss Air Weapons Level 1 (Chrono Boost), Protoss Shields Level 2, Cybernetics Core  
  199  13:44  Nexus  
  199  13:47  Photon Cannon  
  199  13:48  Photon Cannon  
  199  13:50  Photon Cannon  
  199  13:52  Shield Battery  
  195  13:58  Observer  
  195  13:59  Pylon  
  195  14:02  Stalker x3  
  200  14:10  Assimilator  
  200  14:14  Assimilator  
  200  14:20  Tempest x3 (Chrono Boost)  
  197  14:30  Observer (Chrono Boost)  
  196  14:35  Stalker x3  
  198  14:38  Stalker  
  198  14:46  Stalker  
  198  14:52  Protoss Air Armor Level 1 (Chrono Boost)  
  196  14:53  Stalker x3  
  196  15:06  Stalker x7  
  194  15:17  Zealot x5  
  194  15:21  Immortal (Chrono Boost)  
  196  15:24  Immortal (Chrono Boost)  
  186  15:30  High Templar x7  
  186  15:31  Probe  
  186  15:34  Protoss Air Weapons Level 2 (Chrono Boost), Archon  
  186  15:35  Archon x2  
  187  15:50  Immortal (Chrono Boost)  
  187  15:51  Zealot x4  
  199  16:03  Photon Cannon  
  199  16:04  Nexus  
  199  16:05  Photon Cannon  
  199  16:08  Shield Battery  
  199  16:10  Pylon  
  197  16:11  Pylon  
  197  16:12  Pylon  
  197  16:13  Pylon  
  197  16:18  Observer  
  197  16:23  Protoss Ground Armor Level 3 (Chrono Boost), Pylon  
  188  16:33  Protoss Shields Level 3 (Chrono Boost)  
  188  16:35  High Templar x6  
  200  16:40  Archon x2  
  200  16:50  Zealot  
  200  16:59  Zealot x2  
  200  17:00  Zealot x2  
  200  17:07  Oracle  
  194  17:09  Zealot  
  194  17:10  Zealot x6  
  190  17:15  Zealot  
  172  17:23  Probe  
  172  17:24  High Templar x4  
  181  17:31  Zealot  
  181  17:32  Zealot x6  
  181  17:33  Immortal, Pylon  
  199  17:51  Zealot  
  197  17:57  Nexus  
  194  17:59  Zealot x6  
  194  18:00  Probe  
  200  18:06  Photon Cannon  
  200  18:12  Nexus  
  200  18:25  Probe  
  200  18:26  Probe x2  
  190  18:34  Zealot x2  
  190  18:35  Zealot x4  
  192  18:48  Zealot x6  
  190  19:07  Zealot x5  
  180  19:15  High Templar x4  
  144  19:19  Archon  
  144  19:23  High Templar x3, Archon  
  144  19:24  Archon  
  132  19:28  High Templar x3  
  111  19:32  Archon x2  
  111  19:36  Zealot  
  105  19:42  High Templar  
  107  19:55  High Templar x7  
  107  19:59  Archon x3  
  121  20:10  High Templar x3  
  127  20:15  Archon  
  127  20:19  Archon  
  127  20:21  High Templar  
  127  20:24  Nexus  
  129  20:29  High Templar x3  
  129  20:33  Archon  
  129  20:34  Archon  
  135  20:37  Pylon  
  131  20:53  High Templar x2, Zealot  
  131  20:54  Zealot x3  
  143  20:57  Archon  
  143  20:58  Zealot  
  143  21:02  Zealot  
  147  21:11  Assimilator  
  126  21:18  Archon  
Show
View Real Time Build Order
Export as new Build Order

Reynor Zerg - Winner!

Build Orders: Hatch First, Lurkers 

Get SALT Encoding   

  12  0:00  Drone  
  13  0:07  Drone  
  14  0:16  Overlord  
  14  0:39  Hatchery  
  13  0:43  Drone  
  13  0:47  Drone  
  15  0:51  Drone  
  15  0:55  Drone  
  17  1:10  Spawning Pool  
  16  1:13  Drone  
  16  1:15  Extractor  
  16  1:18  Drone  
  17  1:26  Drone  
  18  1:37  Drone  
  19  1:49  Drone  
  19  1:52  Drone  
  21  1:56  Queen  
  21  1:57  Queen  
  21  1:59  Drone  
  26  2:02  Overlord  
  26  2:10  Zergling x2  
  26  2:12  Zergling x2  
  28  2:18  Metabolic Boost  
  28  2:20  Drone  
  29  2:23  Drone  
  30  2:30  Drone  
  30  2:34  Drone  
  32  2:40  Hatchery  
  31  2:44  Drone  
  31  2:46  Overlord  
  32  2:52  Queen  
  32  2:55  Drone  
  32  2:57  Drone  
  36  3:05  Queen  
  38  3:06  Drone  
  38  3:08  Drone  
  38  3:11  Overlord  
  40  3:13  Drone  
  40  3:16  Drone  
  40  3:17  Drone  
  43  3:21  Drone  
  44  3:29  Queen  
  44  3:31  Drone  
  44  3:34  Overlord  
  47  3:36  Zergling x2, Drone x2  
  50  3:43  Queen  
  50  3:46  Overlord  
  52  3:52  Zergling x4  
  52  3:53  Spore Crawler  
  52  3:54  Zergling x4  
  55  4:00  Roach Warren  
  54  4:03  Drone x3  
  54  4:08  Drone  
  54  4:09  Drone x2  
  60  4:13  Spore Crawler, Queen  
  60  4:15  Drone x2  
  63  4:18  Drone x2  
  63  4:20  Drone  
  66  4:24  Overlord  
  66  4:26  Drone  
  66  4:29  Drone  
  66  4:30  Drone  
  69  4:35  Evolution Chamber  
  69  4:36  Spore Crawler  
  69  4:37  Drone  
  68  4:39  Overlord  
  68  4:43  Drone x3  
  71  4:48  Zergling x4  
  73  4:54  Drone  
  73  4:55  Drone  
  73  4:56  Drone  
  73  4:57  Drone  
  73  4:58  Hatchery  
  76  5:01  Drone x3  
  76  5:04  Zerg Melee Weapons Level 1  
  76  5:05  Drone  
  79  5:07  Drone  
  79  5:08  Drone  
  81  5:14  Overlord  
  81  5:18  Drone x2  
  81  5:19  Queen  
  81  5:20  Lair  
  85  5:22  Extractor, Drone  
  85  5:23  Drone  
  85  5:26  Drone x3  
  89  5:31  Overlord  
  89  5:32  Extractor, Overlord  
  89  5:33  Drone x2  
  89  5:34  Drone  
  91  5:37  Zergling x4  
  91  5:42  Drone x2  
  95  5:44  Extractor  
  95  5:47  Overlord  
  94  5:51  Drone x2  
  94  5:52  Extractor  
  94  5:53  Extractor  
  94  5:54  Zergling x4  
  94  5:55  Drone x3  
  99  6:00  Overlord  
  96  6:09  Drone  
  96  6:10  Drone x5  
  101  6:12  Drone  
  101  6:15  Drone  
  102  6:19  Drone x3  
  102  6:21  Zergling x4  
  107  6:27  Zergling x8  
  107  6:28  Hydralisk Den  
  107  6:29  Baneling Nest  
  107  6:30  Zergling x2  
  110  6:33  Zergling x2  
  110  6:34  Overlord  
  110  6:37  Zergling x2  
  112  6:42  Overlord x2  
  112  6:43  Overseer  
  112  6:44  Zergling x6  
  112  6:45  Zergling x2, Hatchery  
  116  6:54  Drone x6  
  116  6:56  Overlord  
  116  6:58  Drone, Muscular Augments  
  122  7:04  Drone x3, Zerg Melee Weapons Level 2  
  122  7:06  Drone  
  123  7:08  Evolution Chamber  
  123  7:09  Hydralisk  
  123  7:10  Hydralisk x2  
  123  7:12  Hydralisk x4  
  123  7:15  Hydralisk x3, Centrifugal Hooks  
  136  7:17  Drone x2  
  136  7:18  Drone, Extractor  
  136  7:19  Drone, Extractor  
  136  7:20  Hydralisk  
  136  7:21  Hydralisk  
  148  7:24  Overlord  
  148  7:26  Overlord  
  148  7:29  Pneumatized Carapace  
  148  7:31  Hydralisk  
  148  7:36  Overlord x3  
  150  7:42  Overlord  
  150  7:43  Zerg Missile Weapons Level 1  
  150  7:53  Hydralisk x4  
  150  7:54  Zergling x18  
  167  8:01  Infestation Pit  
  167  8:03  Grooved Spines  
  166  8:09  Drone x4  
  166  8:10  Zergling x2  
  166  8:11  Zergling x16  
  179  8:17  Baneling x4  
  179  8:19  Baneling x4  
  179  8:23  Drone  
  179  8:24  Drone  
  179  8:25  Spore Crawler  
  180  8:28  Baneling x12  
  180  8:29  Baneling x10  
  180  8:30  Baneling x2  
  180  8:31  Zergling x18  
  189  8:40  Hive  
  189  8:54  Spire  
  187  9:06  Baneling x13  
  184  9:18  Hatchery  
  184  9:20  Zergling x42  
  184  9:23  Overlord  
  195  9:28  Overlord  
  195  9:31  Zergling x8, Hydralisk  
  175  9:32  Zergling x2  
  175  9:33  Hatchery  
  175  9:35  Hydralisk  
  175  9:36  Zergling x8  
  175  9:37  Zergling x8  
  190  9:40  Zerg Missile Weapons Level 2  
  190  9:51  Drone  
  190  9:52  Drone  
  192  10:01  Adrenal Glands  
  189  10:08  Baneling x17  
  189  10:11  Greater Spire  
  189  10:12  Drone x6  
  192  10:14  Extractor x2  
  192  10:15  Overlord  
  192  10:21  Queen  
  186  10:26  Spine Crawler x2  
  186  10:27  Spore Crawler  
  183  10:33  Corruptor  
  183  10:34  Corruptor x7  
  190  10:43  Zergling x4  
  190  10:44  Zergling x30  
  193  11:02  Baneling x18  
  193  11:04  Zergling x10  
  193  11:05  Zergling x4  
  195  11:37  Brood Lord x5  
  195  11:38  Brood Lord  
  195  11:39  Brood Lord  
  195  11:49  Brood Lord  
  195  11:53  Zerg Flyer Weapons Level 1  
  192  11:55  Zergling x2, Spire  
  192  11:56  Zergling x14  
  175  12:23  Zergling x44  
  175  12:24  Lurker Den  
  175  12:28  Infestor x2  
  198  12:34  Zerg Missile Weapons Level 3  
  198  12:35  Zerg Melee Weapons Level 3  
  198  12:39  Overseer  
  198  12:41  Spore Crawler  
  198  12:42  Spore Crawler  
  194  12:56  Extractor  
  194  12:57  Extractor, Baneling x10  
  190  13:09  Drone x4  
  193  13:21  Zerg Flyer Armor Level 1  
  193  13:22  Seismic Spines  
  189  13:30  Lurker x6  
  189  13:31  Drone x4  
  189  13:33  Overlord  
  199  13:34  Spore Crawler  
  199  13:35  Spine Crawler x2  
  199  13:37  Spine Crawler  
  195  13:44  Baneling  
  195  13:45  Lurker, Baneling x4  
  195  13:46  Lurker x3  
  199  14:12  Zerg Flyer Weapons Level 2  
  199  14:13  Neural Parasite  
  191  14:26  Zergling x2  
  191  14:27  Zergling x16  
  200  14:32  Adaptive Talons  
  184  14:47  Zergling x6  
  184  14:48  Zergling x26  
  185  14:53  Queen  
  185  14:54  Hydralisk  
  185  14:55  Zergling x28  
  185  14:57  Hydralisk  
  185  14:58  Zergling x18  
  185  14:59  Zergling x2  
  197  15:05  Hydralisk x10  
  197  15:06  Zergling x2  
  199  15:09  Zergling x14  
  192  15:17  Zergling x22  
  192  15:20  Zergling x2  
  192  15:21  Zergling x12  
  188  15:28  Hydralisk x4  
  169  15:32  Zergling x4  
  173  15:36  Lurker  
  173  15:37  Lurker x6  
  173  15:38  Hydralisk x2  
  184  15:48  Drone x4  
  185  15:59  Lurker x2  
  185  16:00  Lurker x7  
  185  16:01  Zerg Ground Armor Level 1  
  185  16:03  Zergling x10  
  199  16:07  Hatchery  
  198  16:15  Spine Crawler x2  
  198  16:17  Spore Crawler  
  191  16:26  Hydralisk  
  191  16:27  Hydralisk x4  
  191  16:39  Spore Crawler  
  190  16:40  Spore Crawler, Spine Crawler  
  190  16:43  Zergling x24  
  190  16:46  Hydralisk  
  190  16:47  Zergling x2  
  200  16:50  Hydralisk  
  198  16:56  Hydralisk  
  198  16:57  Hydralisk  
  198  17:04  Hydralisk  
  198  17:05  Hydralisk x2  
  186  17:15  Hydralisk x8  
  165  17:16  Zergling x10  
  165  17:17  Hydralisk x4  
  165  17:18  Zergling x12  
  165  17:19  Zergling x6  
  180  17:28  Lurker x4  
  180  17:29  Lurker x3  
  183  17:31  Hydralisk x3  
  183  17:33  Viper x2  
  192  17:50  Zergling x14  
  199  17:54  Overlord  
  194  18:06  Zergling x12  
  194  18:12  Lurker x6  
  189  18:13  Lurker x5  
  199  18:21  Hydralisk  
  194  18:34  Hydralisk  
  194  18:35  Hydralisk x2  
  192  18:51  Hydralisk x2  
  192  18:52  Zergling x10  
  192  18:55  Zerg Ground Armor Level 2  
  193  19:11  Zergling x8  
  193  19:12  Zergling x30  
  193  19:14  Hydralisk x4  
  193  19:15  Zergling x8  
  199  19:19  Hydralisk x2  
  199  19:20  Zergling x2  
  199  19:21  Zergling x2  
  186  19:24  Hydralisk  
  186  19:25  Zergling x2  
  186  19:28  Hydralisk x4  
  180  19:33  Hydralisk x2  
  175  19:39  Hydralisk x2  
  165  19:55  Infestor x2  
  165  19:58  Viper x2  
  171  20:00  Lurker x2  
  171  20:01  Lurker  
  174  20:08  Lurker x3, Hydralisk x3  
  174  20:12  Hydralisk x2  
  187  20:25  Hydralisk, Hatchery  
  187  20:27  Hydralisk  
  189  20:40  Hydralisk x4  
  191  20:50  Hydralisk x3  
  193  21:06  Hydralisk x3  
Tags
 
Add a new tag
Caveats
  • Supply blocks, unpowered buildings, or Contaminate may cause inaccurate times.
  • Supply counts are checked every 10 seconds.